 Dungeon Sprint DCSS version 0.30-a0-50-gb2d611f6b1 (webtiles) character file.

Game seed: 9926703808223235654

138 MrFrogsmire the Fighter (level 7, -19/52 HPs)
             Began as a Gargoyle Berserker on Sept 4, 2022.
             Was a High Priest of Trog.
             Demolished by Sonja
             ... wielding a +1 short sword of distortion
              (23 damage)
             ... in the Dungeon (Sprint VI: "Thunderdome").
             The game lasted 00:08:52 (524 turns).

MrFrogsmire the Fighter (Gargoyle Berserker)         Turns: 524, Time: 00:08:55

Health: -19/52     AC: 11    Str: 27    XL:     7   Next: 9%
Magic:  7/7        EV: 11    Int: 11    God:    Trog [*****.]
Gold:   130        SH:  0    Dex:  3    Spells: 6/6 levels left

rFire   + . .      SeeInvis .    j - +3 great sword (vorpal)
rCold   + . .      Faith    .    (shield currently unavailable)
rNeg    + + .      Spirit   .    q - +0 ring mail {rF+}
rPois   ∞          Reflect  .    (no helmet)
rElec   +          Harm     .    (no cloak)
rCorr   +          Rampage  .    (no gloves)
Will    .....      NoTele   +    (no boots)
Stlth   ..........               o - amulet "Enigginkel" {Regen+ rCorr Str+2 Dex-3}
HPRegen 0.97/turn                b - ring "Peluevuu" {rC+ Slay+4}
MPRegen 0.10/turn                p - ring of the Lily {Wiz rN+ Str+4 Int+4 Dex-5}

@: no status effects
A: sickness immunity, AC +4, negative energy resistance 1, electricity
resistance, torment resistance 1, petrification resistance
a: Renounce Religion, Berserk, Trog's Hand, Brothers in Arms


You were in the Dungeon.
You worshipped Trog.
Trog was extremely pleased with you.
You visited 1 branch You collected 400 gold pieces.
You spent 270 gold pieces at shops.

Inventory:

Hand Weapons
 j - a +3 vorpal great sword (weapon)
Armour
 q - a +0 ring mail of fire resistance (worn)
Jewellery
 a - the ring of Xom's Capriciousness {rF+ rC+++ Will-}
   (You bought it in a shop in the Dungeon)

   [ring of protection from fire]

   rF:        It protects you from fire.
   rC:        It renders you almost immune to cold.
   Will:      It decreases your willpower.
 b - the ring "Peluevuu" (left hand) {rC+ Slay+4}
   (You bought it in a shop in the Dungeon)

   [ring of slaying]

   Slay:      It affects your accuracy & damage with ranged weapons and melee
   (+4).
   rC:        It protects you from cold.
 m - the ring of the Prince {rC+ Will+}
   (You bought it in a shop in the Dungeon)

   [ring of protection from cold]

   rC:        It protects you from cold.
   Will:      It increases your willpower.
 n - the amulet "Nylunwaj" {Faith rF+ Str+2 Slay+3}
   (You bought it in a shop in the Dungeon)

   [amulet of faith]

   It allows you to gain divine favour quickly.
   Str:       It affects your strength (+2).
   Slay:      It affects your accuracy & damage with ranged weapons and melee
   (+3).
   rF:        It protects you from fire.
 o - the amulet "Enigginkel" (around neck) {Regen+ rCorr Str+2 Dex-3}
   (You bought it in a shop in the Dungeon)

   [amulet of regeneration]

   Str:       It affects your strength (+2).
   Dex:       It affects your dexterity (-3).
   Regen:     It increases your rate of health regeneration.
   rCorr:     It protects you from acid and corrosion.
 p - the ring of the Lily (right hand) {Wiz rN+ Str+4 Int+4 Dex-5}
   (You bought it in a shop in the Dungeon)

   [ring of wizardry]

   It improves your spell success rate.
   Str:       It affects your strength (+4).
   Int:       It affects your intelligence (+4).
   Dex:       It affects your dexterity (-5).
   rN:        It protects you from negative energy.
Wands
 i - a wand of iceblast (5)
Scrolls
 h - 4 scrolls of blinking
 k - 3 scrolls of butterflies
Potions
 c - a potion of curing
 d - a potion of heal wounds
 e - 4 potions of haste
 f - 2 potions of magic
 g - a potion of berserk rage
 l - a potion of resistance


   Skills:
 + Level 10.1 Fighting
 + Level 8.8 Maces & Flails
 + Level 6.7 Armour
 + Level 4.5 Dodging
 + Level 2.6 Evocations


You had 6 spell levels left.
You didn't know any spells.
Your spell library was empty.

Dungeon Overview and Level Annotations

Branches:
Dungeon (1/1)

Altars:
Cheibriados
Dithmenos
Fedhas
Gozag
Kikubaaqudgha
Makhleb
Okawaru
Qazlal
Ru
Sif Muna
Trog
Uskayaw
Vehumet
Wu Jian
Xom
Yredelemnul
Zin
The Shining One
Lugonu

Shops:
D *[??*?*:[((!!!!

Annotations:
D Sonja


Innate Abilities, Weirdness & Mutations

You are immune to sickness and miasma.
Your stone body is resilient. (AC +4)
You are immune to poison.
You resist negative energy. (rN+)
You are resistant to electric shocks. (rElec)
You are resistant to unholy torment.
You are immune to petrification.


Message History

Space warps around you. Sonja hits you but does no damage.
Space warps around you. Sonja hits you but does no damage.
Sonja hits you with a +1 short sword of distortion.
Space warps around you.
Sonja hits you with a +1 short sword of distortion.
Space warps horribly around you!!
* * * LOW HITPOINT WARNING * * *
Sonja closely misses you.
Sonja hits you with a +1 short sword of distortion.
* * * LOW HITPOINT WARNING * * *
Space warps around you.
* * * LOW HITPOINT WARNING * * *
You feel much better.
The kobold brigand throws a poisoned dart.
The poisoned dart barely misses you.
Sonja hits you with a +1 short sword of distortion. x2
Sonja barely misses you.
You feel much better. Sonja barely misses you.
Sonja hits you but does no damage. Space warps horribly around you!
Sonja hits you but does no damage. Space warps horribly around you!
Sonja hits you with a +1 short sword of distortion.
Space warps around you. Sonja misses you.
Sonja hits you with a +1 short sword of distortion.
Space warps around you.
* * * LOW HITPOINT WARNING * * *
You feel much better.
The kobold brigand hits you but does no damage.
Sonja hits you with a +1 short sword of distortion.
Space warps horribly around you!!
* * * LOW HITPOINT WARNING * * *
Sonja closely misses you. Sonja hits you but does no damage.
Space warps horribly around you.
* * * LOW HITPOINT WARNING * * *
You slash the kobold brigand!
The kobold brigand is heavily wounded.
Sonja hits you but does no damage. x2
Sonja hits you with a +1 short sword of distortion.
* * * LOW HITPOINT WARNING * * *
Space warps horribly around you!!
You die...

._......###......___∩##
......8.# #)8........∩###
........###...........(.##
.....###...###..........⌠#
.....# #.<.# #.....[....⌠#
.....###..)###..........⌠#
........###.............##
......8.# #.8...KK...∩###
__).....###.....@___∩##
###.8......)..8.######
#⌠...........⌠#
###.........###
#_..))..._# #_......._#
#_......._# #∩.......∩#
##∩.....∩##


You could see Sonja and a kobold brigand.

Vanquished Creatures
  A water moccasin (D)
  2 kobold brigands (D)
  6 orc priests (D)
  Ijyb (D)
  2 adders (D)
  2 hobgoblins (D)
  A kobold (D)
  3 ball pythons (D)
18 creatures vanquished.

Notes
Turn   | Place    | Note
-------+----------+-------------------------------------------
     0 | D        | MrFrogsmire the Gargoyle Berserker began the quest for the
                  | Orb.
     0 | D        | Reached XP level 1. HP: 14/14 MP: 1/1
     1 | D        | Found a burning altar of Makhleb.
     2 | D        | Found a shimmering altar of Xom.
     3 | D        | Found a bloodstained altar of Trog.
     3 | D        | Found a sacrificial altar of Ru.
     4 | D        | Found an iron altar of Okawaru.
     4 | D        | Found a shimmering blue altar of Sif Muna.
     4 | D        | Found Galuollu's Identification Station.
     5 | D        | Found Oczoirun's Jewellery.
     5 | D        | Found Moco's Advanced Armour.
     5 | D        | Round 1.
    13 | D        | Bought a heavily runed lead ring for 45 gold pieces
    13 | D        | Identified the ring of the Prince {rC+ Will+} (You bought
                  | it in a shop in the Dungeon)
    13 | D        | Bought a scorched bone amulet for 45 gold pieces
    13 | D        | Identified the amulet "Nylunwaj" {Faith rF+ Str+2 Slay+3}
                  | (You bought it in a shop in the Dungeon)
    13 | D        | Bought a steaming tin amulet for 45 gold pieces
    13 | D        | Identified the amulet "Enigginkel" {Regen+ rCorr Str+2
                  | Dex-3} (You bought it in a shop in the Dungeon)
    13 | D        | Bought a coiled steel ring for 45 gold pieces
    13 | D        | Identified the ring of the Lily {Wiz rN+ Str+4 Int+4 Dex-5}
                  | (You bought it in a shop in the Dungeon)
    27 | D        | Found Puirheegg's Magic Scroll Shop.
    28 | D        | Found a hide-covered altar of Uskayaw.
    28 | D        | Found a snail-covered altar of Cheibriados.
    28 | D        | Found Ruerur's Staff Store.
    28 | D        | Found Zehevvid's Magic Scroll Shop.
    28 | D        | Found Wasuskui's Must-Have Magic.
    29 | D        | Noticed Ijyb
    34 | D        | Killed Ijyb
    35 | D        | Reached skill level 5 in Fighting
    35 | D        | Reached XP level 2. HP: 21/21 MP: 2/2
    35 | D        | Reached XP level 3. HP: 26/26 MP: 3/3
    37 | D        | Found a glowing golden altar of the Shining One.
    45 | D        | Reached ** piety under Trog
    83 | D        | Found a glowing silver altar of Zin.
    84 | D        | Found Hudik's Distillery.
    85 | D        | Found Suosah's Distillery.
    85 | D        | Found Wixaut's Bottled Wisdom.
    86 | D        | Found an ornate altar of the Wu Jian Council.
    86 | D        | Found a stormy altar of Qazlal.
    86 | D        | Found a blossoming altar of Fedhas.
    86 | D        | Found Ocuji's Do-It-Yourself Clinic.
    91 | D        | Found a shadowy altar of Dithmenos.
    92 | D        | Found an ancient bone altar of Kikubaaqudgha.
    92 | D        | Noticed a kobold brigand
    93 | D        | Found a radiant altar of Vehumet.
    94 | D        | Found Xiles's Weapon Rack.
    95 | D        | Found Puamin's Basic Armour.
    95 | D        | Found Quogaitz's Miscellaneous Merchandise.
    96 | D        | Found a corrupted altar of Lugonu.
    96 | D        | Found an opulent altar of Gozag.
    96 | D        | Found a basalt altar of Yredelemnul.
    96 | D        | Found Xafinky's Premium Goods.
   108 | D        | Killed a kobold brigand
   108 | D        | Arena points: 12 (+12) [x2]
   109 | D        | Reached skill level 6 in Fighting
   109 | D        | Reached skill level 1 in Evocations
   109 | D        | Reached XP level 4. HP: 23/32 MP: 4/4
   143 | D        | Round 2.
   155 | D        | Reached *** piety under Trog
   156 | D        | Reached skill level 7 in Fighting
   262 | D        | Reached XP level 5. HP: 38/38 MP: 5/5
   297 | D        | Noticed a water moccasin
   306 | D        | Killed a water moccasin
   306 | D        | Arena points: 54 (+42) [x3]
   307 | D        | Reached skill level 8 in Fighting
   307 | D        | Reached skill level 5 in Armour
   307 | D        | Reached XP level 6. HP: 25/45 MP: 6/6
   327 | D        | Round 3.
   338 | D        | Reached **** piety under Trog
   344 | D        | Bought a brightly glowing lapis lazuli ring for 45 gold
                  | pieces
   344 | D        | Identified the ring of Xom's Capriciousness {rF+ rC+++
                  | Will-} (You bought it in a shop in the Dungeon)
   344 | D        | Bought a sparkling ivory ring for 45 gold pieces
   344 | D        | Identified the ring "Peluevuu" {rC+ Slay+4} (You bought it
                  | in a shop in the Dungeon)
   360 | D        | Reached skill level 9 in Fighting
   434 | D        | Reached ***** piety under Trog
   458 | D        | Arena points: 138 (+84) [x4]
   487 | D        | Round 4.
   500 | D        | Received a gift from Trog
   501 | D        | Reached skill level 10 in Fighting
   501 | D        | Reached XP level 7. HP: 52/52 MP: 7/7
   515 | D        | Noticed Sonja
   520 | D        | HP: 1/52 [Sonja/+1 short sword of distortion (5)]
   524 | D        | Demolished by Sonja

Illustrated notes

Levels and vault maps discovered:
D:        arena_sprint

Skill      XL: |  1  2  3  4  5  6 |
---------------+-------------------+-----
Fighting       | 5 6 7 8 10 | 10.1
Maces & Flails | 4 6 7 8 |  8.8
Dodging        | 2 3 4 |  4.5
Armour         | 3 4 5 6 |  6.7
Evocations     | 1 2 |  2.6

Action                   |  1- 3 |  4- 6 |  7- 9 || total
-------------------------+-------+-------+-------++-------
Melee: Club              |    12 |    53 |       ||    65
       Mace              |     8 |       |       ||     8
       Punch             |     1 |     1 |       ||     2
       Great sword       |       |       |     2 ||     2
Throw: Dart              |       |     2 |     1 ||     3
Evoke: Wand              |     6 |       |       ||     6
  Use: Potion            |       |       |     3 ||     3
Armor: Animal skin       |     6 |       |       ||     6
       Ring mail         |     3 |    18 |     9 ||    30
Dodge: Dodged            |     9 |    21 |     8 ||    38

Table legend: (Time is in decaauts)
 A = Elapsed time spent in this place.
 B = Non-inter-level travel time spent in this place.
 C = Inter-level travel time spent in this place.
 D = Time resting spent in this place.
 E = Time spent auto-exploring this place.
 F = Levels seen in this place.
 G = Mean time per level.
                   A        B        C        D        E       F      G
               +--------+--------+--------+--------+--------+-----+--------+
         Total |    519 |    204 |    315 |      0 |      0 |   1 |  519.0 |
       Dungeon |    519 |    204 |    315 |      0 |      0 |   1 |  519.0 |
               +--------+--------+--------+--------+--------+-----+--------+

Top non-repeatable levels by time:
       D: 519 daAuts
